Map: [ESL] Stargazers

Players

ByuN

  • Race: Terran Terran
  • Spawn Location: 1:00

Reynor - Winner!

  • Race: Zerg Zerg
  • League: Master
  • Spawn Location: 11:00

Event: HomeStory Cup XXII

VOD

Have the link to the VOD?

Description

Time

  • Played on: Dec. 18, 2022, 1:33 p.m.
  • Length: 19:52

All games in this series

Show
View Real Time Build Order
Export as new Build Order

ByuN Terran 

Build Orders:  

Get SALT Encoding   

  12  0:00  SCV  
  13  0:12  SCV  
  14  0:17  Supply Depot  
  14  0:24  SCV  
  15  0:40  Barracks  
  16  0:45  Barracks  
  16  0:48  SCV  
  16  1:00  SCV  
  17  1:13  SCV  
  18  1:26  Marine  
  18  1:27  Orbital Command  
  18  1:31  Marine  
  20  1:44  Marine  
  20  1:45  Command Center  
  21  1:55  Supply Depot  
  21  1:57  SCV  
  22  2:02  Refinery  
  22  2:06  Refinery  
  22  2:09  SCV  
  23  2:19  Barracks  
  23  2:21  SCV  
  26  2:34  SCV  
  25  2:38  Barracks Reactor  
  25  2:45  Barracks Tech Lab  
  25  2:46  SCV  
  25  2:47  Barracks  
  26  2:58  SCV  
  27  3:01  Orbital Command  
  27  3:04  Marine  
  27  3:05  Stimpack  
  28  3:07  Barracks Tech Lab  
  28  3:10  SCV  
  29  3:15  Marine x2  
  31  3:22  Marine  
  31  3:23  SCV  
  31  3:26  Combat Shield, Marine  
  34  3:29  SCV  
  34  3:33  Supply Depot  
  35  3:35  Marine  
  35  3:36  Marine  
  37  3:42  Marine x2  
  37  3:44  SCV  
  37  3:45  SCV  
  40  3:55  Supply Depot  
  40  3:56  SCV, Marine x2  
  40  3:57  SCV, Marine  
  40  4:00  Marine  
  46  4:06  Marine  
  46  4:08  SCV  
  46  4:09  SCV  
  49  4:14  Marine x2  
  51  4:17  Supply Depot  
  51  4:18  Marine  
  51  4:19  Marine  
  51  4:21  SCV  
  51  4:22  SCV  
  51  4:23  Factory  
  55  4:31  Marine x3  
  56  4:33  SCV  
  56  4:34  SCV  
  56  4:37  Marine  
  62  4:39  Refinery  
  62  4:41  Engineering Bay  
  62  4:45  SCV  
  62  4:46  SCV  
  62  4:48  Marine  
  62  4:52  Marine x2  
  66  4:54  Barracks Reactor  
  66  4:56  Marine  
  66  4:57  Supply Depot, SCV  
  66  4:58  SCV  
  68  5:07  Factory Reactor, Starport  
  68  5:09  SCV  
  68  5:10  SCV  
  69  5:15  Marine  
  69  5:16  Marine x2  
  69  5:17  Marine  
  64  5:29  SCV x2  
  64  5:30  Terran Infantry Weapons Level 1  
  64  5:31  Marine x2  
  64  5:33  Marine  
  64  5:34  Marine  
  64  5:35  Marine x2  
  70  5:36  Supply Depot  
  72  5:50  Command Center  
  72  5:53  Medivac x2  
  72  5:54  Marine  
  72  5:56  Marine  
  78  5:57  Marine x3  
  78  6:00  Supply Depot  
  78  6:03  Marine  
  81  6:06  Factory Reactor  
  81  6:10  SCV x2  
  83  6:15  Marine x2  
  83  6:17  Marine  
  86  6:22  Marine x2  
  88  6:26  SCV x2  
  88  6:27  Armory  
  88  6:29  Engineering Bay  
  88  6:30  Marine  
  88  6:31  Medivac  
  93  6:33  Marine  
  93  6:34  Supply Depot  
  93  6:35  Medivac  
  93  6:38  SCV x2  
  89  6:43  Marine x4  
  83  6:48  Widow Mine x2, Marine  
  88  6:58  Marine  
  88  7:01  Marine  
  89  7:06  Medivac x2  
  89  7:08  Marine x2  
  96  7:09  Widow Mine x2, Marine x2  
  96  7:12  Terran Infantry Armor Level 1  
  102  7:15  SCV  
  102  7:16  SCV, Marine  
  105  7:24  Orbital Command  
  105  7:28  Terran Infantry Weapons Level 2  
  105  7:31  Widow Mine x2  
  105  7:32  SCV x2  
  111  7:42  Marine x4  
  111  7:44  Marauder x2  
  119  7:50  Supply Depot  
  121  7:51  Supply Depot  
  121  7:53  SCV x3  
  121  7:56  Widow Mine  
  124  8:02  Widow Mine  
  124  8:05  Concussive Shells  
  125  8:11  Marine x4  
  128  8:17  Supply Depot, Widow Mine  
  133  8:20  Supply Depot  
  133  8:21  SCV x2  
  133  8:23  Barracks, SCV  
  133  8:24  Barracks, Widow Mine  
  133  8:26  Barracks  
  135  8:31  Marauder x2, Marine x2  
  141  8:38  Medivac x2, Marine x2  
  147  8:41  Widow Mine  
  147  8:43  Supply Depot  
  147  8:47  Supply Depot  
  149  8:59  Marauder x2, Marine x4  
  157  9:14  Barracks Reactor, Barracks Tech Lab x2  
  157  9:16  Marine  
  157  9:17  Marine  
  155  9:20  Marauder x2  
  155  9:21  Widow Mine x2, Sensor Tower  
  163  9:27  Command Center  
  163  9:32  Marauder  
  165  9:42  Widow Mine x2, Marauder  
  165  9:43  Marauder  
  173  9:48  Marine x3  
  173  9:49  Marauder  
  178  10:00  Refinery x2  
  178  10:04  Terran Infantry Weapons Level 3, Widow Mine, Marine  
  181  10:10  Supply Depot, Marine x8  
  181  10:11  Supply Depot  
  189  10:26  Marauder  
  189  10:28  Marauder x2, Marine x2  
  179  10:29  Widow Mine  
  179  10:32  Medivac x2  
  173  10:40  Marauder  
  173  10:41  Marine x2  
  173  10:42  Marine x2  
  173  10:43  Widow Mine  
  173  10:46  Marine  
  173  10:48  Marauder  
  176  10:50  Marauder  
  176  10:53  Marine x2  
  176  10:59  Terran Infantry Armor Level 2  
  176  11:02  Medivac  
  178  11:08  Medivac  
  180  11:20  Marine x2  
  172  11:27  Marauder x2, Marine x2  
  172  11:29  Widow Mine x2, Marine  
  172  11:30  Orbital Command, Marine  
  184  11:36  Marine  
  184  11:37  Marine  
  184  11:38  Marine x2  
  188  11:45  Marine x2  
  181  11:50  Widow Mine x2  
  181  11:51  Command Center  
  185  11:54  SCV x3  
  185  11:56  SCV  
  185  12:00  Marauder x2  
  185  12:01  Marauder  
  195  12:04  Marauder  
  195  12:07  Marine x4  
  199  12:09  Marine x2  
  199  12:21  Marine  
  200  12:36  Marauder  
  200  12:41  Ghost Academy  
  200  12:42  Command Center x2, Widow Mine x2, Marine x2  
  200  12:43  Marauder  
  198  12:56  Marauder  
  200  13:03  Widow Mine x2  
  200  13:04  Marauder x2  
  187  13:05  Marauder  
  187  13:06  Marine  
  187  13:07  Marine  
  187  13:10  Marine x2  
  187  13:11  Medivac x2  
  188  13:17  Marauder, Marine x2  
  156  13:24  Widow Mine, Marine x2  
  156  13:25  Widow Mine  
  162  13:28  Marine x2  
  164  13:34  Planetary Fortress  
  164  13:35  Marine  
  164  13:38  SCV x2  
  164  13:39  SCV  
  164  13:41  Liberator x2, Marine  
  169  13:43  Marauder x2  
  169  13:44  Marauder x2  
  169  13:46  Widow Mine x2  
  169  13:47  Barracks  
  181  14:00  Orbital Command x2  
  181  14:04  Ghost x4  
  181  14:05  Marine  
  181  14:06  Marine x4  
  181  14:07  Widow Mine x2  
  181  14:09  SCV x2  
  200  14:14  Refinery  
  200  14:37  Sensor Tower  
  200  14:55  Ghost x2  
  200  14:59  Ghost x2  
  188  15:05  Liberator  
  184  15:24  Ghost x2  
  184  15:26  Marine x2  
  184  15:27  Widow Mine x2, Ghost x2  
  184  15:28  Medivac  
  196  15:38  Marine x4  
  196  15:41  Command Center x2  
  196  15:42  Refinery x2  
  200  15:46  Barracks Tech Lab  
  200  15:50  Command Center  
  200  15:52  Command Center  
  200  16:03  Command Center  
  200  16:04  Personal Cloaking  
  200  16:06  Command Center  
  198  16:13  Ghost  
  198  16:17  Ghost  
  183  16:19  Widow Mine x2, Ghost  
  183  16:20  Marine  
  183  16:21  Marine  
  157  16:26  Marine  
  157  16:27  Marine x3  
  161  16:36  SCV x3  
  161  16:37  SCV x3  
  167  16:41  Widow Mine  
  167  16:46  Liberator  
  167  16:47  Liberator  
  172  16:49  Marauder x2  
  179  16:55  Marauder x2  
  179  16:58  Marauder  
  179  16:59  Widow Mine  
  141  17:09  Marine  
  141  17:10  Marauder  
  141  17:11  Marauder  
  130  17:16  Marauder  
  130  17:18  Ghost  
  130  17:19  Orbital Command  
  130  17:22  Orbital Command x2  
  134  17:24  Marine  
  134  17:25  Marine x3  
  138  17:30  Enhanced Shockwaves, Ghost  
  138  17:31  Ghost  
  141  17:38  Ghost  
  143  17:45  Widow Mine x2, Marine  
  143  17:47  Ghost  
  143  17:59  Ghost  
  143  18:00  Ghost  
  143  18:03  Marine x2  
  125  18:07  Ghost  
  119  18:16  Ghost  
  119  18:19  Reaper  
  111  18:28  Ghost x2  
  111  18:29  Orbital Command  
  111  18:32  Marine  
  111  18:33  Marine  
  111  18:36  Ghost  
  111  18:38  Orbital Command  
  113  18:41  Marine x3  
  113  18:43  Widow Mine  
  113  18:44  Ghost  
  120  18:50  Marine  
  120  18:52  Widow Mine  
  121  18:56  Marine x3  
  122  19:05  Widow Mine  
  122  19:07  Marauder x2  
  122  19:14  Widow Mine  
  95  19:27  Marine  
  95  19:29  Marine  
  95  19:31  Widow Mine  
Show
View Real Time Build Order
Export as new Build Order

Reynor Zerg - Winner!

Build Orders: Hatch First, Lurkers 

Get SALT Encoding   

  12  0:00  Drone  
  13  0:12  Overlord  
  13  0:16  Drone  
  14  0:30  Drone x2  
  16  0:47  Hatchery  
  15  0:50  Drone  
  15  0:54  Drone  
  17  0:57  Drone  
  18  1:08  Extractor  
  17  1:12  Spawning Pool  
  17  1:16  Drone  
  17  1:19  Drone  
  18  1:27  Drone  
  19  1:38  Drone  
  20  1:48  Overlord  
  20  1:58  Queen  
  20  1:59  Queen, Overlord  
  20  2:00  Drone  
  25  2:10  Drone x2  
  25  2:13  Metabolic Boost  
  27  2:20  Zergling x2  
  27  2:21  Zergling x2  
  29  2:31  Drone  
  29  2:36  Hatchery  
  29  2:43  Zergling x6  
  32  2:52  Overlord  
  32  2:53  Queen  
  32  2:57  Drone  
  35  3:04  Drone  
  36  3:10  Overlord  
  36  3:13  Drone x3  
  36  3:16  Queen  
  36  3:19  Drone  
  42  3:24  Drone  
  42  3:25  Drone  
  44  3:30  Queen  
  46  3:34  Overlord  
  46  3:35  Drone  
  46  3:44  Drone  
  46  3:46  Drone  
  46  3:48  Queen, Drone  
  49  3:55  Drone  
  52  3:57  Drone  
  52  3:58  Drone  
  52  4:01  Queen  
  56  4:05  Overlord  
  56  4:06  Drone x2  
  56  4:08  Queen  
  60  4:11  Drone x3  
  63  4:18  Drone  
  63  4:21  Overlord  
  63  4:22  Drone  
  65  4:27  Baneling Nest, Queen, Extractor  
  65  4:29  Drone  
  66  4:36  Drone x3  
  66  4:37  Overlord  
  68  4:47  Zergling x2  
  68  4:48  Zergling x10  
  68  4:51  Queen  
  74  4:53  Zergling x8  
  74  4:57  Lair  
  74  4:58  Zergling x2  
  74  4:59  Zergling x2  
  80  5:04  Queen  
  81  5:09  Drone x3  
  84  5:14  Overlord  
  84  5:20  Zergling x4  
  77  5:22  Zergling x2  
  77  5:23  Zergling x10  
  77  5:27  Drone x3  
  77  5:28  Queen  
  81  5:31  Zergling x4  
  85  5:39  Drone, Extractor  
  85  5:40  Drone  
  86  5:43  Queen  
  86  5:44  Evolution Chamber  
  86  5:47  Zergling x2  
  86  5:49  Overlord  
  88  5:50  Zergling x6  
  88  5:52  Zergling x2  
  88  5:54  Zergling x2  
  88  5:55  Centrifugal Hooks  
  93  5:59  Zergling x6  
  93  6:03  Drone x2  
  98  6:07  Queen x2, Overlord  
  98  6:09  Baneling x5  
  102  6:12  Zergling x2  
  102  6:15  Zergling x2  
  104  6:19  Zergling x4  
  104  6:20  Overlord  
  104  6:25  Zergling x4, Zerg Ground Armor Level 1  
  108  6:28  Zergling x4  
  110  6:38  Zergling x10  
  106  6:42  Zergling x2  
  106  6:44  Zergling x2  
  106  6:48  Zergling x2  
  106  6:50  Baneling x6  
  107  6:55  Zergling x4  
  107  6:56  Hatchery  
  107  6:59  Overlord  
  108  7:02  Zergling x2, Pneumatized Carapace  
  108  7:03  Zergling x2  
  108  7:04  Zergling x4  
  108  7:07  Zergling x2  
  113  7:08  Baneling x5  
  113  7:09  Baneling x2  
  113  7:14  Zergling x4  
  115  7:16  Overlord  
  115  7:17  Zergling x6  
  115  7:20  Baneling  
  115  7:21  Baneling x5  
  118  7:26  Zergling x6  
  118  7:28  Queen  
  118  7:29  Queen  
  123  7:33  Baneling x4  
  123  7:35  Zergling x2  
  126  7:38  Zergling x4  
  126  7:41  Baneling  
  126  7:42  Baneling x2, Overlord  
  126  7:43  Zergling x4  
  130  7:49  Drone x3  
  133  7:58  Drone x5  
  138  7:59  Overlord  
  138  8:01  Zergling x2  
  138  8:04  Overlord  
  136  8:06  Drone  
  136  8:11  Zergling x2  
  136  8:12  Drone x3  
  139  8:14  Drone x2, Extractor  
  139  8:17  Evolution Chamber  
  139  8:22  Drone, Zerg Ground Armor Level 2  
  139  8:24  Drone  
  139  8:25  Drone, Extractor  
  141  8:27  Drone  
  141  8:28  Drone  
  141  8:33  Drone x4  
  148  8:37  Overlord  
  148  8:38  Baneling x6  
  148  8:40  Drone  
  147  8:42  Zerg Melee Weapons Level 1  
  147  8:45  Drone x5  
  147  8:46  Overlord  
  147  8:47  Drone  
  153  8:50  Spore Crawler  
  153  8:52  Drone  
  153  8:56  Spore Crawler  
  153  8:57  Drone  
  153  9:01  Spore Crawler, Hydralisk Den  
  151  9:06  Zergling x16  
  151  9:08  Zergling x2  
  160  9:10  Overlord  
  158  9:18  Drone x3  
  158  9:19  Drone x3  
  162  9:26  Extractor  
  162  9:27  Zergling x20  
  162  9:30  Muscular Augments  
  171  9:34  Overlord  
  171  9:45  Drone x2  
  173  9:46  Extractor  
  173  9:49  Hydralisk  
  173  9:50  Hydralisk x8  
  173  9:52  Hatchery, Overlord  
  189  9:53  Zergling x4  
  189  9:54  Extractor  
  190  10:05  Hydralisk x3  
  190  10:06  Hydralisk  
  198  10:19  Overseer  
  195  10:21  Baneling  
  195  10:22  Baneling x18  
  180  10:32  Zergling x40  
  190  10:37  Zergling x4  
  190  10:41  Zergling x2  
  191  10:45  Hatchery  
  191  10:47  Zergling x8  
  191  10:48  Zergling x2  
  187  10:54  Zergling x2  
  187  10:56  Zerg Melee Weapons Level 2  
  187  10:57  Zerg Missile Weapons Level 1  
  187  10:58  Zergling x8  
  187  10:59  Zergling x2, Grooved Spines  
  192  11:08  Zergling x6  
  195  11:12  Baneling  
  195  11:13  Baneling x14  
  194  11:23  Zergling x2, Infestation Pit  
  194  11:24  Zergling x12  
  200  11:31  Drone x4  
  200  11:45  Zergling x8  
  200  11:46  Zergling x8  
  200  11:57  Baneling x3  
  200  11:58  Baneling x11  
  200  12:00  Hive  
  200  12:05  Zergling x2  
  200  12:09  Baneling x13  
  200  12:10  Baneling x5  
  200  12:27  Overseer x2  
  200  12:28  Zergling x2  
  200  12:29  Zergling x10  
  200  12:35  Zergling x12  
  199  12:40  Lurker Den  
  199  12:43  Zergling x8  
  199  12:44  Zergling x8  
  197  12:52  Drone x2  
  186  13:07  Zergling x22  
  187  13:17  Viper x2  
  187  13:19  Zergling x8  
  177  13:21  Zerg Ground Armor Level 3, Zerg Melee Weapons Level 3  
  177  13:24  Zergling x6  
  179  13:29  Zergling x20  
  179  13:31  Queen  
  191  13:36  Baneling  
  191  13:37  Baneling x16, Hydralisk x3  
  191  13:38  Zergling x4  
  191  13:39  Seismic Spines  
  199  13:42  Extractor  
  199  13:45  Spore Crawler  
  199  13:46  Spine Crawler  
  196  14:00  Overseer x2  
  196  14:02  Lurker x3  
  199  14:12  Spine Crawler x2  
  199  14:13  Spine Crawler  
  199  14:14  Spore Crawler  
  199  14:17  Lurker x4  
  199  14:22  Adrenal Glands  
  195  14:25  Extractor  
  195  14:30  Hatchery  
  193  14:35  Zergling x4  
  193  14:36  Zergling x8  
  193  14:37  Adaptive Talons  
  198  14:56  Zergling x2  
  198  14:57  Zergling x28  
  194  15:14  Zergling x36  
  194  15:34  Lurker x3  
  194  15:35  Baneling x9, Hydralisk  
  195  15:36  Zergling x6  
  200  15:54  Baneling x13  
  200  15:58  Zerg Missile Weapons Level 2  
  200  16:09  Spore Crawler x2  
  200  16:10  Spore Crawler  
  193  16:14  Zergling x2  
  193  16:15  Zergling x20  
  193  16:17  Hydralisk x2  
  193  16:18  Zergling x32  
  173  16:21  Zergling x2, Hydralisk  
  173  16:22  Zergling x4  
  173  16:25  Queen  
  175  16:27  Zergling x4  
  175  16:30  Zergling x8  
  183  16:37  Lurker x3  
  186  16:40  Zergling x20  
  186  16:42  Overlord  
  190  17:02  Overlord  
  164  17:09  Zergling x24  
  164  17:10  Zergling x18  
  164  17:13  Overlord  
  178  17:20  Lurker x2, Hydralisk x3  
  178  17:21  Zergling x2  
  187  17:23  Baneling x13  
  187  17:24  Overseer  
  187  17:25  Overseer x2  
  187  17:31  Drone x2  
  187  17:32  Drone  
  187  17:33  Baneling x4, Hydralisk x2  
  187  17:34  Zergling x2, Baneling x4  
  194  17:48  Zergling x8  
  195  17:55  Zergling x18  
  195  17:57  Hydralisk, Drone  
  195  17:58  Zergling x12  
  195  17:59  Zergling x2  
  195  18:01  Zergling x10  
  195  18:02  Zergling x4  
  195  18:03  Overlord  
  189  18:06  Zergling x6  
  189  18:12  Zergling x16  
  189  18:18  Hydralisk  
  187  18:23  Zergling x10  
  188  18:31  Zergling x2  
  188  18:32  Zergling x10  
  191  18:34  Hydralisk  
  191  18:35  Zergling x2  
  191  18:39  Baneling x12  
  194  18:43  Zergling x6, Hydralisk  
  199  18:50  Zergling x8  
  199  18:53  Baneling x9  
  199  18:55  Hatchery  
  199  18:58  Overseer  
  179  19:16  Zergling x34  
  189  19:19  Hydralisk  
  189  19:20  Zergling x8  
  189  19:23  Hydralisk  
  185  19:24  Zergling x2  
  185  19:28  Zergling x2, Hydralisk  
  185  19:30  Zergling x2  
  181  19:33  Zergling x6  
  181  19:34  Zergling x2  
Tags
 
Composition
Lurkers
League
Master
Matchup
TvZ
Replay Pack
hsc22
Spawn Locations
Close Positions
Add a new tag
Caveats
  • Supply blocks, unpowered buildings, or Contaminate may cause inaccurate times.
  • Supply counts are checked every 10 seconds.